 Dungeon Crawl Stone Soup version 0.27.1-2-g3b301248ec (webtiles) character file.

Game seed: 11642905765389670005

566 Elvor the Conjurer (level 7, -7/40 HPs)
             Began as a Deep Elf Conjurer on Oct 5, 2021.
             Was an Initiate of the Shining One.
             Killed from afar by a steam dragon (16 damage)
             ... with a ball of steam
             ... on level 4 of the Dungeon.
             The game lasted 00:27:07 (3131 turns).

Elvor the Conjurer (Deep Elf Conjurer)              Turns: 3131, Time: 00:27:07

Health: -7/40      AC:  3    Str:  4    XL:     7   Next: 10%
Magic:  11/17      EV: 13    Int: 31    God:    the Shining One [......]
Gold:   252        SH:  0    Dex: 13    Spells: 10/17 levels left

rFire    . . .     SeeInvis .   p - +0 short sword
rCold    . . .     Faith    .   (no shield)
rNeg     . . .     Spirit   .   a - +0 robe
rPois    .         Reflect  .   (no helmet)
rElec    .         Harm     .   m - +0 cloak
rCorr    .         Rampage  .   (no gloves)
Will     .....                  (no boots)
Stlth    +.........             (no amulet)
HPRegen  0.13/turn              k - +6 ring of intelligence
MPRegen  0.15/turn              (no ring)

@: glowing
A: no striking features
a: Renounce Religion


You were on level 4 of the Dungeon.
You worshipped the Shining One.
The Shining One was noncommittal.
You visited 2 branches of the dungeon, and saw 5 of its levels.

You collected 252 gold pieces.

Inventory:

Hand Weapons
 p - a +0 short sword (weapon)
Missiles
 e - 64 stones
 j - 18 poisoned darts
Armour
 a - a +0 robe (worn)
 c - a +0 leather armour
 m - a +0 cloak (worn)
Jewellery
 k - a +6 ring of intelligence (left hand)
Scrolls
 b - a scroll of teleportation {unknown}
 d - 2 scrolls of enchant armour {unknown}
 f - a scroll of summoning {unknown}
 i - 3 scrolls of identify {unknown}
 n - a scroll of holy word {unknown}
Potions
 g - 3 potions of curing
 h - 2 potions of flight {unknown}
 l - 2 potions of lignification {unknown}
 o - a potion of resistance {unknown}


   Skills:
 * Level 2.3 Fighting
 + Level 0.7 Short Blades
 + Level 0.2 Throwing
 + Level 3.1 Dodging
 + Level 3.4 Stealth
 + Level 5.9 Spellcasting
 + Level 7.0 Conjurations


You had 10 spell levels left.
You knew the following spells:

 Your Spells              Type           Power      Damage    Failure   Level
a - Magic Dart            Conj           100%       1d8       1%          1
b - Searing Ray           Conj           100%       3d7       1%          2
c - Iskenderun's Mystic   Conj/Tloc      30%        2d8       12%         4

Your spell library contained the following spells:

 Spells                   Type           Power      Damage    Failure   Level
 Conjure Flame            Conj/Fire      30%        6-21      3%          3
 Dazzling Flash           Conj/Hex       60%        N/A       3%          3
 Fulminant Prism          Conj/Hex       15%        3d11      12%         4
 Sticky Flame             Conj/Fire      30%        2d5       12%         4
 Ignite Poison            Fire/Tmut/Pois 9%         N/A       16%         3
 Summon Forest            Summ/Tloc      4%         N/A       80%         5
 Eringya's Noxious Bog    Tmut/Pois      4%         N/A       100%        6
 Summon Hydra             Summ           4%         N/A       100%        7


Dungeon Overview and Level Annotations

Branches:
Dungeon (4/15)             Temple (1/1) D:4

Altars:
Ashenzari
Cheibriados
Dithmenos
Elyvilon
Fedhas
Hepliaklqana
Kikubaaqudgha
Nemelex Xobeh
Okawaru
Qazlal
Sif Muna
Trog
Uskayaw
Wu Jian
Xom
Yredelemnul
The Shining One


Message History

The magic dart hits the jackal.
You kill the jackal!
A ball python and a steam dragon come into view.
There is an escape hatch in the ceiling here.
Aiming: Magic Dart (safe; 1% risk of failure)
Press: ? - help, Q - select action, (/) - cycle Shift-Dir - straight line, f - ball python
Aim: a ball python (100% to hit)
The magic dart hits the ball python!
You kill the ball python!
Your Conjurations skill increases to level 7!
There is an escape hatch in the ceiling here.
The steam dragon hisses angrily.
Throw: 20 darts (poison)
Press: ? - help, Q - select action, (/) - cycle Shift-Dir - straight line, f - steam dragon
Aim: a steam dragon (57% to hit)
You throw a poisoned dart.
The poisoned dart hits the steam dragon.
The steam dragon is poisoned.
Throw: 19 darts (poison)
Press: ? - help, Q - select action, (/) - cycle Shift-Dir - straight line, f/p - steam dragon
Aim: a steam dragon (lightly wounded, poisoned, 57% to hit)
You throw a poisoned dart.
The poisoned dart closely misses the steam dragon.
Aiming: Searing Ray (safe; 1% risk of failure)
Press: ? - help, Q - select action, (/) - cycle Shift-Dir - straight line, f/p - steam dragon
Aim: a steam dragon (lightly wounded, poisoned, 83% to hit)
The searing ray hits the steam dragon!
The steam dragon is moderately wounded. (Press . to maintain the ray.)
The steam dragon breathes steam at you. The ball of steam hits you!!
The searing ray hits the steam dragon!
The steam dragon is almost dead.
You are engulfed in a cloud of scalding steam.
The searing ray misses the steam dragon.
You are engulfed in a cloud of scalding steam.
* * * LOW HITPOINT WARNING * * *
The steam dragon breathes steam at you. The ball of steam hits you!
You die...

### #<# #.# #.# #.#
######################.#
#......................#
#.###################..#
##.########### #@<......#
#...............D#####.##
†..############... ....
......... ...... .#.###
...#.#..# ....(.......
......> . ........#.....
...#.#..# ...........<.#.
...#.#... ....#.(.# .#.#.
.... # ..


You could see a steam dragon (poisoned, catching breath).

Vanquished Creatures
  Sigmund (D:2)
  A water moccasin (D:3)
  A scorpion (D:3)
  A hound (D:4)
  Crazy Yiuf (D:2)
  Terence (D:2)
  4 adders
  3 gnolls (D:2)
  3 dart slugs
  An orc (D:3)
  8 ball pythons
  4 endoplasms
  10 giant cockroaches
  7 goblins
  7 hobgoblins
  6 jackals
  6 kobolds
  5 bats
  7 frilled lizards
  4 rats
81 creatures vanquished.

Notes
Turn   | Place    | Note
-------+----------+-------------------------------------------
     0 | D:1      | Elvor the Deep Elf Conjurer began the quest for the Orb.
     0 | D:1      | Reached XP level 1. HP: 10/10 MP: 6/6
   148 | D:1      | Reached XP level 2. HP: 15/15 MP: 4/8
   156 | D:1      | Learned a level 2 spell: Searing Ray
   311 | D:1      | Reached skill level 5 in Conjurations
   355 | D:1      | Found a faded altar of an unknown god.
   784 | D:1      | Reached XP level 3. HP: 19/19 MP: 4/9
  1142 | D:2      | Reached skill level 1 in Fighting
  1142 | D:2      | Reached XP level 4. HP: 9/25 MP: 0/11
  1354 | D:2      | Found a runed translucent door.
  1355 | D:2      | Noticed Crazy Yiuf
  1361 | D:2      | Killed Crazy Yiuf
  1451 | D:2      | Noticed Sigmund
  1560 | D:2      | Reached skill level 6 in Conjurations
  1596 | D:2      | Learned a level 4 spell: Iskenderun's Mystic Blast
  1818 | D:2      | Noticed Terence
  2101 | D:2      | Killed Sigmund
  2102 | D:2      | Reached XP level 5. HP: 14/30 MP: 2/14
  2102 | D:2      | Reached XP level 6. HP: 16/35 MP: 2/15
  2212 | D:2      | Killed Terence
  2331 | D:3      | Reached skill level 5 in Spellcasting
  2460 | D:3      | Found a snail-covered altar of Cheibriados.
  2672 | D:3      | Found a sparkling altar of Nemelex Xobeh.
  2757 | D:3      | Noticed a water moccasin
  2764 | D:3      | Killed a water moccasin
  2765 | D:3      | Reached XP level 7. HP: 35/40 MP: 10/17
  2849 | D:4      | Found a staircase to the Ecumenical Temple.
  2858 | Temple   | Entered the Ecumenical Temple
  2867 | Temple   | Became a worshipper of the Shining One
  3120 | D:4      | Noticed a steam dragon
  3124 | D:4      | Reached skill level 7 in Conjurations
  3131 | D:4      | Killed from afar by a steam dragon

Illustrated notes

Levels and vault maps discovered:
D:1:      dpeg_arrival_houses_and_road, layout_loops_corners,
          hellmonk_ecumenical_altar_leap_of_faith, minmay_surrounded
D:2:      minmay_roachtagon, layout_basic, minivault_14, chequers_jeans,
          minmay_misc_feat_chi, roderic_cross_of_infinity, minivault_23,
          uniq_sigmund, uniq_terence, uniq_crazy_yiuf_cottage
D:3:      layout_loops_cross, mainiacjoe_overflow_brackets,
          amcnicky_altar_gilded
D:4:      layout_basic, gammafunk_temple_overflow_elements,
          minmay_temple_entry_arrows
Temple:   nicolae_temple_no_exploring_needed

Skill      XL: |  1  2  3  4  5  6  7 |
---------------+----------------------+-----
Conjurations   | 5 6 7 |  7.0
Fighting       | 1 2 |  2.3
Stealth        | 3 |  3.4
Spellcasting   | 4 5 |  5.9
Dodging        | 3 |  3.1
Short Blades   | |  0.7
Throwing       | |  0.2

Action                   |  1- 3 |  4- 6 |  7- 9 || total
-------------------------+-------+-------+-------++-------
Melee: Dagger            |     1 |       |       ||     1
Throw: Dart              |       |     3 |     5 ||     8
 Cast: Magic Dart        |    74 |    51 |     9 ||   134
       Searing Ray       |       |    13 |     4 ||    17
Armor: Robe              |     1 |     3 |       ||     4
Dodge: Dodged            |     2 |     9 |     2 ||    13
